Unix NetHack Version 5.0.0-0 post-release - last build May  4 2026 22:22:43 (774f63e81ad911689b3a0859ea89b322d5daca8d,branch:main).

Game began 2026-05-09 11:03:14, ended 2026-05-09 11:20:54.

GdeVolpiano, neutral male human Monk

            -------
            |.....|                                                     ------
            |...<..#################ef##############                    |....|
            -.-----################F@:#######################          #..^..|
             #######            #------.------      ##   ##-.----       |....|
                                #|C.........C|      #####  .....-#     #.....|
                                #|.....C.....|         ## #|[...|##    #--.---
        ------------            #|.`.-----...|          ###.>...| ######  #
        |..........|            #|...|...%...|            #------  ##     #
        |.......[...#############|..C|{.{|C..|            ###########     #
        |..........|             |...|%{.|...|                     #      #
        |..........|             |...-----...|                     #      #
        |..........|             |.....C.....|                     #      #
        ------------             |C.........C|                     ###    #
                                 -------------                       #----|-
                                                                     #|....|
                                                                     #.....|
                                                                      ------

GdeVolpiano the Initiate        St:16 Dx:15 Co:12 In:11 Wi:14 Ch:8  Neutral
Dlvl:7  $:162 HP:0(46) Pw:35(39) AC:4  Xp:6 T:2217 

Latest messages:
 Never mind.
 You hit the giant beetle!
 You hear some noises in the distance.
 What do you want to drink? [dkno or ?*]
 You feel better.
 The giant beetle bites!
 You miss the giant beetle.
 What do you want to drink? [dkno or ?*]
 You feel better.
 You hit the giant beetle!
 Your hands begin to glow red.
 The giant beetle bites!
 You hit the giant beetle!
 Your hands stop glowing red.
 The giant beetle appears confused.
 What do you want to drink? [dkno or ?*]
 You feel better.
 The giant beetle bites the floating eye.
 The giant beetle is frozen by the floating eye's gaze!
 You kill the giant beetle!
 Welcome to experience level 6.
 What do you want to use or apply? [itvIQTV or ?*]
 In what direction?
 The floating eye is frozen by its reflection.
 You kill the floating eye!
 You see here a floating eye corpse.
 What do you want to use or apply? [itvIQTV or ?*]
 In what direction?
 The floating eye is frozen by its reflection.
 You hit the floating eye!
 You are frozen by the floating eye's gaze!
 The iguana bites!
 The iguana bites!
 The iguana bites!
 The iguana bites!
 The iguana bites!
 The iguana bites!
 The iguana bites!
 The iguana bites!
 The iguana bites!
 The iguana bites!
 The lichen touches you!
 The iguana bites!
 The kitten bites!
 The kitten bites!
 The kitten bites!
 The iguana bites!
 The kitten bites!
 You die...
 Do you want your possessions identified? [ynq] (y)

Inventory:
 Coins    ('$')
  $ - 162 gold pieces
 Amulets  ('"')
  x - an uncursed amulet versus poison (being worn)
 Armor    ('[')
  a - an uncursed +2 pair of leather gloves (being worn)
  p - an uncursed +1 alchemy smock with text "Gehennom's Kitchen"
  S - an uncursed +0 mummy wrapping
  b - an uncursed +1 robe (being worn)
 Comestibles  ('%')
  E - 2 uncursed cram rations
  e - 9 uncursed food rations
 Scrolls  ('?')
  J - an uncursed scroll of create monster
  w - an uncursed scroll of destroy armor
  m - an uncursed scroll of enchant armor
  W - an uncursed scroll of identify
  c - 2 uncursed scrolls of light
  U - a blessed scroll of remove curse
  L - an uncursed scroll of teleportation
 Spellbooks  ('+')
  i - a blessed spellbook of confuse monster
 Potions  ('!')
  k - an uncursed potion of enlightenment
  n - a cursed potion of gain ability
  d - 2 uncursed potions of healing
  o - a blessed potion of polymorph
 Rings    ('=')
  P - a cursed ring of cold resistance
 Wands    ('/')
  Q - a wand of light (0:11)
 Tools    ('(')
  t - an empty uncursed sack
  v - an uncursed mirror
  I - an uncursed mirror
  V - a tinning kit (0:74)
 Gems/Stones  ('*')
  R - 2 uncursed worthless pieces of red glass
  T - an uncursed flint stone

GdeVolpiano the Monk's attributes:

Background:
 You were an Initiate, a level 6 male human Monk.
 You were neutral, nominally on a mission for Chih Sung-tzu
 who was opposed by Shan Lai Ching (lawful) and Huan Ti (chaotic).
 You were right-handed.
 You were in the Dungeons of Doom, on level 7.
 You entered the dungeon 2217 turns ago.
 You had 337 experience points, 303 more were needed to attain level 7.

Basics:
 You had 0 out of 46 hit points.
 You had 35 out of 39 energy points (spell power).
 Your armor class was 4.
 Your wallet contained 162 zorkmids.
 Autopickup was on for '$?!/="+' plus thrown, with exceptions.

Final Characteristics:
 Your strength was 16 (limit:18/100).
 Your dexterity was 15 (limit:18).
 Your constitution was 12 (limit:18).
 Your intelligence was 11 (limit:18).
 Your wisdom was 14 (limit:18).
 Your charisma was 8 (limit:18).

Final Status:
 You weren't hungry.
 You were unencumbered.
 You were empty handed.
 You had basic skill with martial arts.

Final Attributes:
 You were piously aligned.
 You were sleep resistant.
 You were poison resistant.
 You saw invisible.
 You were stealthy.
 You were guarded.
 Your spell casting was enhanced by wearing a robe.
 You were fast.
 You are dead.

Miscellaneous:
 You didn't encounter any bones levels.
 Total elapsed playing time was 17 minutes and 38 seconds.

Major events:
 Turn
    1: GdeVolpiano the neutral male human Monk entered the dungeon
  821: entered the Gnomish Mines
 1020: attained the rank of Novice (level 3)
 2196: attained the rank of Initiate (level 6)
 2217: killed by a kitten, while frozen by a floating eye's gaze

Spells:
 Name                 Level Category     Fail Retention
 confuse monster        1   enchantment    0%  76%-100%

Skills:
 Fighting Skills
   martial arts       [Basic]
 Weapon Skills
   quarterstaff       [Unskilled]
   spear              [Unskilled]
   crossbow           [Unskilled]
   shuriken           [Unskilled]
 Spellcasting Skills
   attack spells      [Unskilled]
   healing spells     [Basic]
   divination spells  [Unskilled]
   enchantment spells [Unskilled]
   clerical spells    [Unskilled]
   escape spells      [Unskilled]
   matter spells      [Unskilled]

Voluntary challenges:
 Character rerolling was not enabled.
 You were vegetarian.
 You were an atheist.
 You never hit with a wielded weapon.
 You never genocided any monsters.
 You never polymorphed an object.
 You never changed form.
 You used no wishes.
Achievements:
 You entered the Gnomish Mines.
 You attained the rank of Novice.
 You entered a shop.
 You attained the rank of Initiate.

 The Dungeons of Doom: levels 1 to 8
    Level 1:
       A fountain.
    Level 2:
       An altar.
    Level 3:
       An altar.
    Level 4:
       Stairs down to The Gnomish Mines.
    Level 5: "vault"
       A general store, a grave.
    Level 6:
    Level 7: <- You were here.
       Many fountains.
       Oracle of Delphi.
       Final resting place for
          you, killed by a kitten, while frozen by a floating eye's gaze.
    Level 8:
       A grave.
 The Gnomish Mines:
    Level 5:


Vanquished creatures:
  a giant beetle
  3 water moccasins
  a fog cloud
  a shrieker
  a kobold mummy
  2 giant ants
  a little dog
  2 floating eyes
  a dwarf
  2 homunculi
  a giant bat
  3 dwarf zombies
 an iguana
  a large kobold
  a brown mold
  a yellow mold
  a red mold
  a gnome zombie
  a gecko
  2 jackals
  2 foxes
  a kobold
  4 goblins
  2 sewer rats
  2 grid bugs
  2 lichens
  a kobold zombie
  6 newts
48 creatures vanquished.

No species were genocided or became extinct.

Game over:
                       ----------
                      /          \
                     /    REST    \
                    /      IN      \
                   /     PEACE      \
                  /                  \
                  |   GdeVolpiano    |
                  |      162 Au      |
                  |   killed by a    |
                  |      kitten      |
                  |                  |
                  |                  |
                  |       2026       |
                 *|     *  *  *      | *
        _________)/\\_//(\/(/\)/\//\/|_)_______

Goodbye GdeVolpiano the Monk...

You died in The Dungeons of Doom on dungeon level 7 with 1854 points,
and 162 pieces of gold, after 2217 moves.
You were level 6 with a maximum of 46 hit points when you died.

